AoeStats
← perromelocoton

Arena

505009295Analyzed
1v1 RM · 24d ago on Sep 7, 2026· 23m 12s· 2 players
Game mode
Random Map
Map size
Tiny (2 player)
Population
200
Speed
Normal
Resources
Standard
Victory
Conquest
Starting age
Dark Age
Ending age
Imperial Age
RankedLock teamsTeams togetherTeam positionsShared explorationLock speedFull tech treeHidden civsTurbo modeCheats
Victory
Defeat
🇨🇱 Spanish · Chile
900
+15
🇪🇸 Burgundians · Spain
880
-15
perromelocoton
3:07 Loom
3:21 Double-Bit Axe
9:45 Feudal Age
10:46 Wheelbarrow
10:53 Bow Saw
16:58 Castle Age
21:44 Sanctity
StarPlatinumEM
10:11 Feudal Age
8:30 Loom
14:28 Castle Age
20:54 Padded Archer Armor
Connection lost

Rejoining the realm…

Still unreachable

The connection could not be restored.

Session expired

The server has moved on; the page needs a fresh start.